 Dungeon Crawl Stone Soup version 0.32-a0-986-ga09f62fbf4 (webtiles) character file.

Game seed: 6033252937640154602

504 Tanttac the Grave Robber (level 6, -1/32 HPs)
             Began as a Deep Elf Necromancer on Apr 21, 2024.
             Was an Initiate of Nemelex Xobeh.
             Slain by a hound simulacrum (4 damage)
             ... on level 4 of the Dungeon.
             The game lasted 00:21:06 (4106 turns).

Tanttac the Grave Robber (Deep Elf Necromancer)     Turns: 4106, Time: 00:21:06

Health: -1/32      AC: 10    Str:  5    XL:     6   Next: 96%
Magic:  16/16      EV:  2    Int: 25    God:    Nemelex Xobeh [......]
Gold:   213        SH:  0    Dex: 15    Spells: 8/16 levels left

rFire   . . .        d - staff of death
rCold   . . .        (no shield)
rNeg    + + +        s - +3 leather armour of Too Many Cooks {*Slow Fly rN++ Int+3}
rPois   .            (no helmet)
rElec   .            (no cloak)
rCorr   .            (no gloves)
SInv    .            (no boots)
Will    .....        (no amulet)
Stlth   +++          j - +4 ring of protection
HPRegen 0.25/turn    (no ring)
MPRegen 0.15/turn

%: slow self (1%)
@: brilliant, sleeping, weak-willed, flying
A: no striking features
a: Renounce Religion, Draw Escape, Draw Destruction, Draw Summoning


You were on level 4 of the Dungeon.
You worshipped Nemelex Xobeh.
Nemelex Xobeh was noncommittal.
You visited 1 branch of the dungeon, and saw 4 of its levels.

You collected 213 gold pieces.

Inventory:

Missiles
 n - 2 poisoned darts (quivered)
Armour
 a - a +0 robe
 b - a +2 robe
 s - the +3 leather armour of Too Many Cooks (worn) {*Slow Fly rN++ Int+3}
   (You found it on level 3 of the Dungeon)

   Int+3:     It affects your intelligence (+3).
   rN++:      It greatly protects you from negative energy.
   Fly:       It grants you flight.
   *Slow:     It may slow you when you take damage.
Magical Staves
 d - a staff of death (weapon)
Jewellery
 j - a +4 ring of protection (left hand)
Scrolls
 c - 3 scrolls of immolation {unknown}
 g - a scroll of brand weapon
 k - a scroll of blinking {unknown}
 p - 2 scrolls of noise
 r - a scroll of enchant weapon {unknown}
 t - a scroll of poison {unknown}
 u - a scroll of identify {unknown}
Potions
 e - a potion of might {unknown}
 f - a potion of brilliance
 h - a potion of attraction {unknown}
 i - a potion of curing {unknown}
 m - a potion of haste {unknown}
 o - 2 potions of heal wounds {unknown}
 q - a potion of berserk rage {unknown}
 v - a potion of lignification {unknown}


   Skills:
 + Level 4.9 Dodging
 + Level 5.3 Stealth
 + Level 5.6 Spellcasting
 + Level 6.5 Necromancy


You had 8 spell levels left.
You knew the following spells:

 Your Spells              Type           Power      Damage    Failure   Level
a - Necrotise             Necr           100%       1d9       1%          1
b - Vampiric Draining     Necr           74%        2d11      2%          3
c - Animate Dead          Necr           74%        N/A       9%          4

Your spell library contained the following spells:

 Spells                   Type           Power      Damage    Failure   Level
 Curse of Agony           Necr           74%        N/A       24%         5
 Frozen Ramparts          Ice            20%        1d4       36%         3
 Ozocubu's Armour         Ice            10%        N/A       36%         3
 Metabolic Englaciation   Hex/Ice        5%         N/A       98%         5


Dungeon Overview and Level Annotations

Branches:
Dungeon (4/15)
 Temple: D:4-7

Altars:
Ashenzari
Nemelex Xobeh
Ru

Annotations:
D:4 Batma's ghost, amateur KoEn


Message History

Aim: a white imp (wandering, ally target, hasn't noticed you, 54% to hit)
You throw a poisoned dart.
The poisoned dart completely misses the white imp.
The white imp shouts, "Accept thy doom, thou peaked bat-fowling flirt-gill!"
Throw: 3 darts (poison)
Press: ? - help, Q - select action, (/) - cycle Shift-Dir - straight line, f/p - white imp
Aim: a white imp (ally target, 54% to hit)
Okay, then.
Your iguana zombie completely misses the white imp.
You hit the white imp but do no damage.
The white imp hits you but does no damage.
Your iguana zombie bites the white imp.
The hound simulacrum bites you. The hound simulacrum freezes you!
* * * LOW HITPOINT WARNING * * *
Batma's ghost whispers, "You will understand me better in a moment."
The white imp closely misses you.
Throw: 3 darts (poison)
Press: ? - help, Q - select action, (/) - cycle Shift-Dir - straight line, f - Batma's ghost, p - white imp
Aim: Batma's ghost (37% to hit)
You throw a poisoned dart. The poisoned dart hits Batma's ghost.
The hound simulacrum bites you but does no damage.
The white imp gestures at you. The puff of frost hits you!
* * * LOW HITPOINT WARNING * * *
Casting: Necrotise (safe; 1% risk of failure)
Confirm with . or Enter, or press ? or * to list all spells.
You don't know that spell.
Casting: Necrotise (safe; 1% risk of failure)
Confirm with . or Enter, or press ? or * to list all spells.
Okay, then.
It was a potion of brilliance.
You feel clever all of a sudden.
The hound simulacrum bites you but does no damage.
Your iguana zombie misses the white imp.
Batma's ghost points at you and mumbles some strange words.
You fall asleep.
The white imp hits you but does no damage.
The hound simulacrum bites you.
You die...
Your body disappears without a glow.

.....#.#.#.# #####.###### #
.....#.#.#.# ####..........######
....##.#.#.###...................
....##.#.#.#.......).......######
....##.#.....###...........#
######...#####.##..........#
#####..###......#..........#
..##..##...(W...##.........#
...#.##....###..@#.........#
.....#....##..Z5Z#.........#
...#.#....#.....##.........#
...#.'...##.....#..........#
...#.'...#$.=.(.#..........#####
#.##.'...#(...#.##.............##
#....#...##[..#..#.#######.......
####.#....##.##..#.# #...#.##
..##.##....###...#.# #...#...


You could see Batma's ghost, a white imp (ally target), a hound simulacrum and a
friendly iguana zombie (weak-willed).

Vanquished Creatures
  A bombardier beetle (D:4)
  A hound (D:4)
  Natasha (thrice) (D:3)
  An iguana (D:4)
  A scorpion simulacrum (D:4)
  A gnoll (D:1)
  5 adders
  2 dart slugs
  3 orcs
  6 ball pythons
  2 bats
  8 endoplasms
  4 giant cockroaches
  6 goblins
  3 hobgoblins
  3 jackals (D:1)
  6 kobolds
  4 quokkas
  7 frilled lizards
  3 rats (D:1)
70 creatures vanquished.

Vanquished Creatures (collateral kills)
  Sigmund (D:4)
  A bullfrog simulacrum (D:4)
  A scorpion simulacrum (D:4)
  A hound simulacrum (D:4)
  An orc (D:4)
  3 endoplasms
  A goblin (D:4)
  A jackal (D:1)
  A rat (D:1)
11 creatures vanquished.

Vanquished Creatures (others)
  A human zombie (D:4)
  An endoplasm zombie (D:4)
  A hobgoblin zombie (D:4)
  An orc zombie (D:4)
4 creatures vanquished.

Grand Total: 85 creatures vanquished

Notes
Turn   | Place    | Note
-------+----------+-------------------------------------------
     0 | D:1      | Tanttac the Deep Elf Necromancer began the quest for the
                  | Orb.
     0 | D:1      | Reached XP level 1. HP: 10/10 MP: 6/6
   317 | D:1      | Reached skill level 5 in Necromancy
   327 | D:1      | Reached XP level 2. HP: 12/15 MP: 5/8
   816 | D:1      | Reached XP level 3. HP: 19/19 MP: 8/10
  1346 | D:2      | Learned a level 3 spell: Vampiric Draining
  1449 | D:2      | Reached XP level 4. HP: 24/24 MP: 7/12
  2125 | D:3      | Learned a level 4 spell: Animate Dead
  2279 | D:3      | Identified the +3 leather armour of Too Many Cooks {*Slow
                  | Fly rN++ Int+3}
  2579 | D:3      | Noticed Natasha
  2583 | D:3      | Killed Natasha
  2583 | D:3      | Noticed Natasha
  2594 | D:3      | Killed Natasha
  2595 | D:3      | Reached XP level 5. HP: 26/28 MP: 3/13
  2603 | D:3      | Noticed Natasha
  2607 | D:3      | Killed Natasha
  2983 | D:4      | Found a runed translucent gate.
  2985 | D:4      | Found a runed translucent gate.
  2986 | D:4      | Found a runed translucent gate.
  3010 | D:4      | Noticed Batma's ghost (amateur KoEn)
  3050 | D:4      | Found a sparkling altar of Nemelex Xobeh.
  3074 | D:4      | Became a worshipper of Nemelex Xobeh the Trickster
  3086 | D:4      | Found a broken altar of Ashenzari.
  3094 | D:4      | Noticed Sigmund
  3115 | D:4      | Killed Sigmund
  3116 | D:4      | Reached skill level 5 in Spellcasting
  3116 | D:4      | Reached skill level 6 in Necromancy
  3116 | D:4      | Reached XP level 6. HP: 29/32 MP: 10/15
  3165 | D:4      | Found a sacrificial altar of Ru.
  3200 | D:4      | Your ally Sigmund died
  3559 | D:4      | Reached skill level 5 in Stealth
  4106 | D:4      | Slain by a hound simulacrum

Illustrated notes

Levels and vault maps discovered:
D:1:      minmay_arrival_floating_metal, layout_loops_corners,
          hangedman_feature_mirror
D:2:      layout_basic
D:3:      layout_basic, uniq_natasha
D:4:      layout_basic, ashenzari_altar_1, nicolae_ru_sacrificial_ziggurat,
          mainiacjoe_overflow_cross_hatched, gammafunk_ghost_icy, uniq_sigmund

Skill      XL: |  1  2  3  4  5  6 |
---------------+-------------------+-----
Necromancy     | 5 6 |  6.5
Stealth        | 3 4 5 |  5.3
Dodging        | 3 4 |  4.9
Spellcasting   | 4 5 |  5.6

Action                     |  1- 3 |  4- 6 || total
---------------------------+-------+-------++-------
  Melee: Staff             |     8 |    10 ||    18
  Throw: Dart              |       |     2 ||     2
   Cast: Necrotise         |    55 |    90 ||   145
         Vampiric Draining |       |     2 ||     2
         Animate Dead      |       |     2 ||     2
    Use: Scroll            |     1 |     3 ||     4
         Potion            |       |     2 ||     2
 Armour: Robe              |    22 |       ||    22
         Leather armour    |       |    28 ||    28
  Dodge: Dodged            |    16 |    25 ||    41

Table legend: (Time is in decaauts)
 A = Elapsed time spent in this place.
 B = Non-inter-level travel time spent in this place.
 C = Inter-level travel time spent in this place.
 D = Time resting spent in this place.
 E = Time spent auto-exploring this place.
 F = Levels seen in this place.
 G = Mean time per level.
                   A        B        C        D        E       F      G
               +--------+--------+--------+--------+--------+-----+--------+
         Total |   4129 |   3972 |    157 |      0 |   3427 |   4 | 1032.2 |
       Dungeon |   4129 |   3972 |    157 |      0 |   3427 |   4 | 1032.2 |
               +--------+--------+--------+--------+--------+-----+--------+

Top non-repeatable levels by time:
     D:1: 1280 daAuts
     D:4: 1126 daAuts
     D:3: 889 daAuts
     D:2: 832 daAuts
